 Dungeon Crawl Stone Soup version 0.27.0-65-ge2af304b15 (webtiles) character file.

Game seed: 12807223402147501872

5541 robertstho the Covert (level 10, -18/106 HPs)
             Began as an Octopode Berserker on Aug 18, 2021.
             Was a Priest of Trog.
             Killed from afar by a deep elf pyromancer (38 damage)
             ... with a bolt of fire
             ... on level 8 of the Dungeon.
             The game lasted 00:09:01 (10443 turns).

robertstho the Covert (Octopode Berserker)         Turns: 10443, Time: 00:09:02

Health: -18/106    AC:  1    Str: 19    XL:     10   Next: 71%
Magic:  19/19      EV: 15    Int: 16    God:    Trog [***...]
Gold:   246        SH: 10    Dex: 18    Spells: 9/9 levels left

rFire    . . .     SeeInvis .   A - +1 dagger (vamp)
rCold    . . .     Faith    .   n - +0 kite shield
rNeg     . . .     Spirit   .   (helmet restricted)
rPois    .         Reflect  .   (no amulet)
rElec    .         Harm     .   g - +6 ring of dexterity
rCorr    .         Rampage  .   k - +6 ring of intelligence
Will     .....                  c - ring of magical power
Stlth    ..........             s - ring of flight
HPRegen  0.27/turn              (no ring)
MPRegen  0.16/turn              (no ring)
                                (no ring)
                                (no ring)

@: berserking (expiring), lethally poisoned (-18 -> -26), flying, very quick
A: almost no armour, amphibious, 8 rings, camouflage 1, gelatinous body 1,
(nimble swimmer 1), tentacles
a: Renounce Religion, Berserk, Trog's Hand


You were on level 8 of the Dungeon.
You worshipped Trog.
Trog was most pleased with you.
You visited 1 branch of the dungeon, and saw 8 of its levels.

You collected 246 gold pieces.

Inventory:

Hand Weapons
 a - a +0 short sword
 A - a +1 vampiric dagger (weapon)
Missiles
 t - 4 throwing nets (quivered)
Armour
 n - a +0 kite shield (worn)
Jewellery
 c - a ring of magical power (on tentacle)
 g - a +6 ring of dexterity (left tentacle)
 k - a +6 ring of intelligence (right tentacle)
 s - a ring of flight (on tentacle)
Wands
 e - a wand of polymorph (4)
 m - a wand of paralysis (7)
 z - a wand of mindburst (12)
 C - a wand of digging (2)
Scrolls
 h - 3 scrolls of teleportation
 i - a scroll of blinking {unknown}
 l - a scroll of noise {unknown}
 o - 3 scrolls of holy word
 q - 3 scrolls of enchant armour
 u - 3 scrolls of magic mapping {unknown}
 v - a scroll of fear
 w - a scroll of summoning {unknown}
 x - a scroll of enchant weapon {unknown}
 y - a scroll of fog {unknown}
Potions
 b - 2 potions of attraction {unknown}
 d - a potion of haste {unknown}
 f - 3 potions of heal wounds {unknown}
 j - 2 potions of lignification {unknown}
 p - a potion of curing {unknown}
 r - 2 potions of resistance {unknown}
 B - a potion of flight {unknown}


   Skills:
 * Level 7.3 Fighting
 + Level 7.3 Short Blades
 * Level 7.3 Dodging
 * Level 13.4 Stealth
 + Level 3.3 Shields
 + Level 0.9 Unarmed Combat


You had 9 spell levels left.
You didn't know any spells.
Your spell library was empty.

Dungeon Overview and Level Annotations

Branches:
Dungeon (8/15)             Temple (0/1) D:4
   Lair: D:8-11

Altars:
Elyvilon
Vehumet
Yredelemnul

Shops:
D:3 (

Annotations:
D:3 306 demon blade


Innate Abilities, Weirdness & Mutations

You cannot wear most types of armour.
You are amphibious.
You can wear up to eight rings at the same time.
Your skin changes colour to match your surroundings (Stealth+).
Your rubbery body absorbs attacks. (AC +1, EV +1)
((You are camouflaged near water. (Stealth+)))
You have tentacles for arms and can constrict up to eight enemies at once.


Message History

You hit the steam dragon.
You feel better.
Your squeeze misses the steam dragon.
The steam dragon is almost dead.
You constrict the wight. You block the steam dragon's attack. x2
Unknown command.
You puncture the steam dragon!
You kill the steam dragon!
Trog accepts your kill.
You constrict the wight. You block the wight's attack.
Unknown command.
You hit the wight.
The wight is almost destroyed.
You constrict the wight.
The orc wizard gestures wildly while chanting.
The orc wizard flickers and vanishes!
Deactivating autopickup; reactivate with Ctrl-A.
You puncture the centaur warrior!
You feel better.
The centaur warrior is moderately wounded.
You constrict the wight.
You destroy the wight!
Trog accepts your kill. The centaur warrior closely misses you.
The centaur warrior kicks you.
The deep elf pyromancer hits you with a +2 short sword of venom.
You are poisoned.
You puncture the centaur warrior!
You feel better.
The centaur warrior is moderately wounded.
You feel sick.
The howler monkey hoots and howls with incredible vigour!
The centaur warrior hits you!
* * * LOW HITPOINT WARNING * * *
The centaur warrior misses you. The gnoll sergeant misses you.
You hear an angry buzzing noise.
You hear a shout!
You hit the deep elf pyromancer. You grab the deep elf pyromancer.
You squeeze the deep elf pyromancer!
The deep elf pyromancer is moderately wounded.
You constrict the deep elf pyromancer.
You feel sick. You block something's attack.
The deep elf pyromancer gestures at you while chanting.
The bolt of fire hits you!!!
You die...

.#######....##........#<#.##
#....#.............##
##....#...............
......................
####.#########.#####.<#.
#.#.#.#.###.......##.[#.
........#..#####..#..#.
#.#.#.#.##.## ##.#..#.
......{@c#.# #.#..#.
.#.#.#.#e#g.# #....#.
#.......h.#.# #.#..#.
##.#.#.#.##.# ##.#..#
........#..#####..#..#
#.#.#.#.###...z...##..# #
##.#### ####.#####..# #.. ..
#..# #... ## .#. .#..#


You could see a centaur warrior, a deep elf pyromancer, a gnoll sergeant and a
howler monkey (catching breath).

Vanquished Creatures
  Harold (D:7)
  A two-headed ogre (D:8)
  The ghost of 0gre the Conjurer, a novice GnCj of Vehumet (D:6)
  Grinder (D:3)
  A slime creature (D:7)
  Sigmund (D:4)
  A steam dragon (D:8)
  3 water moccasins
  An ice beast (D:7)
  A necrophage (D:4)
  3 ogres
  A hornet zombie (D:8)
  A centaur (D:8)
  2 kobold brigands
  A bullfrog (D:6)
  3 scorpions
  13 killer bees
  7 wights
  3 bullfrog zombies
  A centaur zombie (D:7)
  2 hounds
  2 bullfrog skeletons
  4 orc priests
  A gnoll shaman (D:4)
  3 iguanas
  Ijyb (D:3)
  5 orc wizards
  Natasha (thrice) (D:2)
  A scorpion zombie (D:4)
  A killer bee zombie (D:7)
  A hound zombie (D:4)
  6 adders
  3 gnolls (D:4)
  3 howler monkey skeletons
  A shadow imp (D:6)
  2 adder skeletons
  2 worms
  22 orcs
  3 bats
  11 endoplasms
  6 hobgoblins
  16 kobolds
  2 ball pythons (D:3)
  3 frilled lizards
  5 goblins
  A rat (D:3)
157 creatures vanquished.

Vanquished Creatures (collateral kills)
  A killer bee (D:8)
1 creature vanquished.

Vanquished Creatures (others)
  4 plants (D:4)
4 creatures vanquished.

Grand Total: 162 creatures vanquished

Notes
Turn   | Place    | Note
-------+----------+-------------------------------------------
     0 | D:1      | robertstho the Octopode Berserker began the quest for the
                  | Orb.
     0 | D:1      | Reached XP level 1. HP: 16/16 MP: 1/1
   225 | D:1      | Reached XP level 2. HP: 12/21 MP: 2/2
   355 | D:1      | You fall into a shaft and drop 1 floor!
   369 | D:2      | Found a faded altar of an unknown god.
   380 | D:2      | Noticed Natasha
   385 | D:2      | Reached skill level 1 in Stealth
   389 | D:2      | Killed Natasha
   390 | D:2      | Reached XP level 3. HP: 15/26 MP: 3/3
   917 | D:2      | Noticed Natasha
   928 | D:2      | Killed Natasha
   929 | D:2      | Reached skill level 2 in Stealth
   929 | D:2      | Reached XP level 4. HP: 21/33 MP: 4/4
  1064 | D:2      | Noticed Natasha
  1071 | D:2      | Killed Natasha
  1330 | D:2      | Reached XP level 5. HP: 37/37 MP: 5/5
  1343 | D:2      | You fall into a shaft and drop 2 floors!
  1440 | D:4      | Reached skill level 3 in Stealth
  1440 | D:4      | Found a staircase to the Ecumenical Temple.
  1646 | D:4      | Noticed a necrophage
  1654 | D:4      | Killed a necrophage
  1654 | D:4      | Reached ** piety under Trog
  1655 | D:4      | Reached XP level 6. HP: 28/44 MP: 6/6
  1656 | D:4      | Reached skill level 4 in Stealth
  2063 | D:4      | Noticed Sigmund
  2126 | D:4      | Reached skill level 5 in Stealth
  2377 | D:3      | Reached XP level 7. HP: 46/49 MP: 7/7
  2505 | D:3      | Noticed Ijyb
  2508 | D:3      | Killed Ijyb
  3204 | D:3      | Noticed Grinder
  3216 | D:3      | Killed Grinder
  3217 | D:3      | Reached skill level 5 in Fighting
  3217 | D:3      | Reached skill level 5 in Dodging
  3217 | D:3      | Reached skill level 6 in Stealth
  3788 | D:3      | Found Otetwa Caeni's Antique Weapon Boutique.
  4960 | D:4      | Killed Sigmund
  4961 | D:4      | Reached skill level 5 in Short Blades
  4961 | D:4      | Reached skill level 7 in Stealth
  4961 | D:4      | Reached skill level 1 in Shields
  4961 | D:4      | Reached XP level 8. HP: 55/55 MP: 8/8
  5368 | D:4      | Found a basalt altar of Yredelemnul.
  5619 | D:4      | Reached skill level 8 in Stealth
  5767 | D:5      | Entered Level 5 of the Dungeon
  5921 | D:5      | Reached *** piety under Trog
  6087 | D:5      | Found a radiant altar of Vehumet.
  6455 | D:5      | Reached skill level 9 in Stealth
  6596 | D:5      | Reached XP level 9. HP: 62/62 MP: 9/9
  7447 | D:6      | Found a runed translucent door.
  7448 | D:6      | Noticed 0gre's ghost (novice GnCj)
  7956 | D:6      | Killed 0gre's ghost
  7957 | D:6      | Reached skill level 10 in Stealth
  8074 | D:7      | Found a white marble altar of Elyvilon.
  8323 | D:7      | Noticed Harold
  8326 | D:7      | Killed Harold
  8327 | D:7      | Reached skill level 11 in Stealth
  8327 | D:7      | Reached XP level 10. HP: 69/69 MP: 10/10
  8418 | D:7      | Reached skill level 12 in Stealth
  9094 | D:8      | Noticed a centaur warrior
  9225 | D:8      | Noticed a two-headed ogre
  9231 | D:8      | Killed a two-headed ogre
  9300 | D:8      | Reached **** piety under Trog
  9303 | D:8      | Reached skill level 13 in Stealth
 10433 | D:8      | Noticed a deep elf pyromancer
 10435 | D:8      | Noticed a centaur warrior
 10443 | D:8      | Killed from afar by a deep elf pyromancer

Illustrated notes

Levels and vault maps discovered:
D:1:      saegor_arrival_simple_e, layout_rooms
D:2:      layout_basic, shapermc_ecumenical_altar_venn, uniq_natasha
D:3:      layout_loops_corners, serial_shops, nicolae_shop_trees, uniq_grinder,
          uniq_ijyb
D:4:      layout_loops_ring, lemuel_zombie_altar_yredelemnul,
          minmay_temple_entry_water_ring, kennysheep_cluttered_room,
          serial_bayou_ford_a, chequers_serial_rivers_large_a, uniq_sigmund
D:5:      layout_basic, mainiacjoe_overflow_catwalk
D:6:      layout_basic, ebering_ghost_reflecting_pool, hangedman_decor_points,
          minmay_misc_feat_chi, lemuel_flamethrower_2
D:7:      layout_gridville, nicolae_elyvilon_peaceful_grove,
          grunt_ministairs_13, uniq_harold
D:8:      layout_basic, minmay_misc_feat_enclosed, minmay_the_grid_2x2
          [minmay_the_grid_x, minmay_the_grid_fan,
          minmay_the_grid_minigrid_small_alt,
          minmay_the_grid_prize_inner_circle], uniq_maurice, uniq_psyche,
          uniq_joseph

Skill      XL: |  1  2  3  4  5  6  7  8  9 10 |
---------------+-------------------------------+-----
Stealth        | 1 2 3 5 7 9 11 13 | 13.4
Fighting       | 4 5 6 7 |  7.3
Dodging        | 4 5 6 7 |  7.3
Short Blades   | 4 5 6 7 |  7.3
Shields        | 1 2 3 |  3.3
Unarmed Combat | |  0.9

Action                   |  1- 3 |  4- 6 |  7- 9 | 10-12 || total
-------------------------+-------+-------+-------+-------++-------
Melee: Short sword       |    30 |    51 |   188 |       ||   269
       Tentacles         |     9 |    13 |    57 |    28 ||   107
       Constrict         |     5 |    15 |    46 |    19 ||    85
       Unarmed           |     8 |       |       |       ||     8
       Dagger            |       |       |     1 |    95 ||    96
       Punch             |       |       |     1 |       ||     1
Invok: Berserk           |     1 |     3 |     9 |     7 ||    20
       Trog's Hand       |       |       |       |     1 ||     1
       Brothers in Arms  |       |       |       |     1 ||     1
Evoke: Wand              |       |       |       |     2 ||     2
  Use: Scroll            |       |       |     5 |       ||     5
 Stab: Sleeping          |     4 |     2 |    23 |     9 ||    38
       Distracted        |       |       |     1 |       ||     1
Armor: Skin              |       |     2 |     2 |     3 ||     7
Dodge: Dodged            |    22 |    22 |    53 |    76 ||   173
Block: Kite shield       |       |       |    58 |    52 ||   110
